 Dungeon Crawl Stone Soup version 0.30-a0-808-g6e0788376e (webtiles) character file.

Game seed: 4568593342134751374

1788 bmack86 the Cleaver (level 8, -2/106 HPs)
             Began as a Minotaur Fighter on Feb 26, 2023.
             Shot with an arrow by a centaur (4 damage)
             ... on level 6 of the Dungeon.
             The game lasted 00:13:25 (4595 turns).

bmack86 the Cleaver (Minotaur Fighter)              Turns: 4595, Time: 00:13:26

Health: -2/106     AC: 14    Str: 24    XL:     8   Next: 82%
Magic:  7/7        EV:  8    Int:  5    God:
Gold:   299        SH:  6    Dex: 11    Spells: 7/7 levels left

rFire   . . .      SeeInvis .    a - +0 war axe
rCold   . . .      Faith    +    c - +1 buckler
rNeg    . . .      Spirit   .    p - +4 chain mail of Eternal Vigilance {Dex+2}
rPois   .          Reflect  .    (helmet restricted)
rElec   .          Harm     .    (no cloak)
rCorr   .          Rampage  .    (no gloves)
Will    .....                    (no boots) Stlth
                                 y - amulet of faith
HPRegen 0.37/turn                (no ring)
MPRegen 0.10/turn                (no ring)

@: berserking, very quick
A: horns 2, retaliatory headbutt, MP-powered wands
a: no special abilities


You were on level 6 of the Dungeon.
You visited 1 branch of the dungeon, and saw 6 of its levels.

You collected 299 gold pieces.

Inventory:

Hand Weapons
 a - a +0 war axe (weapon)
 g - a +1 vampiric hand axe
 u - a +0 war axe
Missiles
 j - 3 javelins
 l - 6 poisoned darts
 r - 6 silver javelins
 x - 3 boomerangs (quivered)
Armour
 b - a +0 scale mail
 c - a +1 buckler (worn)
 p - the +4 chain mail of Eternal Vigilance (worn) {Dex+2}
   (You found it on level 3 of the Dungeon)

   Dex:       It affects your dexterity (+2).
 t - a +0 plate armour
Jewellery
 y - an amulet of faith (around neck)
Wands
 s - a wand of flame (17)
Scrolls
 d - a scroll of enchant armour
 i - 2 scrolls of teleportation
 n - a scroll of noise
 o - 2 scrolls of fog
Potions
 e - 3 potions of curing
 f - 3 potions of attraction
 h - a potion of flight
 k - a potion of haste {unknown}
 m - a potion of lignification {unknown}
 q - a potion of mutation
 v - a potion of brilliance {unknown}
 z - a potion of berserk rage


   Skills:
 + Level 6.6 Fighting
 * Level 8.3 Axes
 + Level 4.2 Throwing
 + Level 6.7 Armour
 + Level 6.6 Shields


You had 7 spell levels left.
You didn't know any spells.
Your spell library contained the following spells:

 Spells                   Type           Power      Damage    Failure   Level
 Magic Dart               Conj           0%         1d3       99%         1
 Blink                    Tloc           0%         N/A       99%         2
 Lesser Beckoning         Tloc           0%         N/A       99%         2
 Momentum Strike          Conj/Tloc      0%         3d8       99%         2
 Searing Ray              Conj           0%         2d4       99%         2
 Gell's Gravitas          Tloc           0%         N/A       100%        3
 Teleport Other           Tloc           0%         N/A       100%        3
 Anguish                  Hex/Necr       0%         N/A       100%        4
 Fulminant Prism          Conj/Hex       0%         3d5       100%        4
 Dispersal                Tloc           0%         N/A       100%        6
 Enfeeble                 Hex            0%         N/A       100%        7


Dungeon Overview and Level Annotations

Branches:
Dungeon (6/15)
 Temple: D:4-7

Altars:
Ashenzari
Cheibriados
Makhleb
Ru
Uskayaw
Vehumet
Xom
Zin

Shops:
D:1 =   D:3 :   D:4 :


Innate Abilities, Weirdness & Mutations

You have a pair of horns on your head.
You reflexively headbutt those who attack you in melee.
You expend magic power (3 MP) to strengthen your wands.


Message History

A centaur comes into view.
Found a red potion.
The centaur shouts!
A centaur comes into view.
The centaur wields a +0 shortbow.
The centaur shoots an arrow.
The arrow hits you.
The centaur shouts!
The centaur shoots an arrow.
The arrow hits you!
An acid dragon comes into view.
The acid dragon roars!
The centaur shoots an arrow.
The arrow hits you.
The centaur shoots an arrow.
You block the arrow.
The centaur wields a +0 shortbow.
The centaur shoots an arrow.
The arrow hits you.
The centaur shoots an arrow.
You block the arrow.
An iguana comes into view.
The centaur shoots an arrow.
The arrow hits you.
A necrophage comes into view.
The centaur shoots an arrow.
You block the arrow.
The centaur shoots an arrow.
The arrow hits you! The acid dragon spits acid at you.
The splash of acid hits you!!
The centaur shoots an arrow.
The arrow hits you!
* * * LOW HITPOINT WARNING * * *
Found a stone staircase leading down.
A scorpion comes into view.
The centaur shoots an arrow.
You block the arrow.
The centaur shoots an arrow.
The arrow hits you!
* * * LOW HITPOINT WARNING * * *
It was a potion of mutation.
You feel extremely strange.
You feel your magical essence link to the dungeon's wands.
The centaur shoots an arrow.
The arrow hits you.
* * * LOW HITPOINT WARNING * * *
The acid dragon spits acid at you. The splash of acid misses you.
The centaur shoots an arrow.
The arrow hits you.
* * * LOW HITPOINT WARNING * * *
Okay, then.
It was a potion of berserk rage.
A red film seems to cover your vision as you go berserk!
You feel yourself moving faster!
You feel mighty!
The centaur shoots an arrow.
You block the arrow.
The centaur shoots an arrow.
The arrow hits you.
You die...

# ............####+### #
............##.....## #
............#.......####
.......s$...#.....†.#.#.
.....D.l....+..._...'.#.
....!.......#..(....#...
............#.......#...
.....n.@....##.....##...
.............###'#####..
......cc.........# ###
.#.##.#......##### #.
#..)#...## . ..##.#####
.> #.. .## ...


You could see an acid dragon (catching breath), a necrophage, 2 centaurs, a
scorpion and an iguana.

Vanquished Creatures
  Grinder (D:4)
  A water moccasin (D:5)
  An ice beast (D:6)
  An orc warrior (D:5)
  A black bear (D:5)
  3 ogres
  A phantom (D:5)
  3 scorpions
  A crimson imp (D:3)
  A jelly (D:3)
  An orc priest (D:4)
  3 hounds (D:5)
  4 iguanas
  7 orc wizards
  6 gnolls
  9 adders
  A shadow imp (D:5)
  A white imp (D:5)
  2 ufetubi
  A worm (D:4)
  2 dart slugs
  8 orcs
  9 ball pythons
  3 bats
  8 endoplasms
  3 giant cockroaches
  11 goblins
  10 hobgoblins
  A jackal (D:4)
  6 kobolds
  A quokka (D:2)
  5 frilled lizards
  11 rats
127 creatures vanquished.

Vanquished Creatures (others)
  7 plants (D:1)
  7 toadstools (D:1)
14 creatures vanquished.

Grand Total: 141 creatures vanquished

Notes
Turn   | Place    | Note
-------+----------+-------------------------------------------
     0 | D:1      | bmack86 the Minotaur Fighter began the quest for the Orb.
     0 | D:1      | Reached XP level 1. HP: 19/19 MP: 0/0
   241 | D:1      | Reached XP level 2. HP: 27/27 MP: 1/1
   434 | D:1      | Reached skill level 3 in Axes
   584 | D:1      | Found Sewk's Jewellery Emporium.
  1197 | D:2      | Reached XP level 3. HP: 33/33 MP: 2/2
  1492 | D:2      | Identified the +4 robe of Orthodoxy {rPois rF+ rC+ Str+2}
  1508 | D:2      | Found a broken altar of Ashenzari.
  1809 | D:3      | Identified the +4 chain mail of Eternal Vigilance {Dex+2}
  1822 | D:3      | You fall into a shaft and drop 2 floors!
  1822 | D:5      | Entered Level 5 of the Dungeon
  1837 | D:5      | Reached skill level 4 in Axes
  1837 | D:5      | Reached skill level 1 in Throwing
  1837 | D:5      | Reached XP level 4. HP: 32/40 MP: 3/3
  1853 | D:5      | Reached XP level 5. HP: 36/47 MP: 4/4
  1947 | D:5      | Reached XP level 6. HP: 27/53 MP: 5/5
  1957 | D:5      | Reached skill level 5 in Axes
  2075 | D:5      | Reached skill level 5 in Fighting
  2075 | D:5      | Reached skill level 5 in Armour
  2075 | D:5      | Reached skill level 5 in Shields
  2226 | D:5      | Reached XP level 7. HP: 53/61 MP: 6/6
  2278 | D:5      | Reached skill level 6 in Axes
  2350 | D:4      | Found Irisunel's Book Shop.
  2372 | D:3      | Found a hide-covered altar of Uskayaw.
  2372 | D:3      | Found a snail-covered altar of Cheibriados.
  2372 | D:3      | Found a sacrificial altar of Ru.
  2372 | D:3      | Found a glowing silver altar of Zin.
  2394 | D:3      | Found Veig's Book Shoppe.
  2871 | D:3      | Found a burning altar of Makhleb.
  2872 | D:3      | Found a shimmering altar of Xom.
  3149 | D:4      | Noticed Grinder
  3174 | D:4      | Paralysed by Grinder for 4 turns
  3181 | D:4      | Killed Grinder
  3182 | D:4      | Reached skill level 7 in Axes
  3182 | D:4      | Reached XP level 8. HP: 53/70 MP: 7/7
  4136 | D:5      | Reached skill level 8 in Axes
  4557 | D:6      | Found a radiant altar of Vehumet.
  4594 | D:6      | Gained mutation: You expend magic power (3 MP) to
                  | strengthen your wands. [potion of mutation]
  4594 | D:6      | HP: 3/71 [centaur/arrow (1)]
  4594 | D:6      | HP: 1/71 [centaur/arrow (2)]
  4595 | D:6      | Shot with an arrow by a centaur

Illustrated notes

Levels and vault maps discovered:
D:1:      nagdon_arrival_double_spiral, layout_loops_corners, serial_bayou,
          serial_bayou_shore_a, serial_bayou_pond_d, serial_bayou_ford_a,
          serial_bayou_crossing, serial_bayou_pond_b, serial_shops,
          nicolae_shop_hallway_plus
D:2:      layout_rooms, basic_altar
D:3:      layout_loops_ring, grunt_temple_overflow_champion_of_chaos,
          nicolae_overflow_hidden_temple, serial_shops,
          nicolae_shop_hallway_plus
D:4:      kb_forest_paths, layout_basic, serial_shops, shop_statue, st_stairs_2,
          minmay_goblin_outpost, uniq_grinder
D:5:      layout_basic
D:6:      layout_cave_pools, nicolae_vehumet_altar_sigil,
          grunt_dithmenos_shadows, minmay_temple_entry_poolview, serial_shops,
          nicolae_shop_waterfront, minivault_5, st_stairs_7,
          nicolae_stop_n_shop_1, corexii_shack, uniq_prince_ribbit1

Skill      XL: |  1  2  3  4  5  6  7  8 |
---------------+-------------------------+-----
Axes           | 3 4 5 7 8 |  8.3
Shields        | 4 5 6 |  6.6
Armour         | 4 5 6 |  6.7
Fighting       | 4 5 6 |  6.6
Throwing       | 1 2 3 4 |  4.2

Action                     |  1- 3 |  4- 6 |  7- 9 || total
---------------------------+-------+-------+-------++-------
  Melee: War axe           |    81 |    50 |   143 ||   274
         Headbutt          |    10 |     7 |    31 ||    48
  Throw: Javelin           |       |     5 |       ||     5
         Boomerang         |       |       |    13 ||    13
    Use: Scroll            |     1 |       |     9 ||    10
         Potion            |     1 |       |     3 ||     4
 Armour: Scale mail        |    41 |       |       ||    41
         Chain mail        |     5 |    66 |    93 ||   164
  Dodge: Dodged            |    45 |    35 |    67 ||   147
  Block: Buckler           |    16 |    18 |    45 ||    79

Table legend: (Time is in decaauts)
 A = Elapsed time spent in this place.
 B = Non-inter-level travel time spent in this place.
 C = Inter-level travel time spent in this place.
 D = Time resting spent in this place.
 E = Time spent auto-exploring this place.
 F = Levels seen in this place.
 G = Mean time per level.
                   A        B        C        D        E       F      G
               +--------+--------+--------+--------+--------+-----+--------+
         Total |   4723 |   4603 |    120 |    182 |   2959 |   6 |  787.2 |
       Dungeon |   4723 |   4603 |    120 |    182 |   2959 |   6 |  787.2 |
               +--------+--------+--------+--------+--------+-----+--------+

Top non-repeatable levels by time:
     D:1: 1269 daAuts
     D:5: 1172 daAuts
     D:4: 828 daAuts
     D:3: 809 daAuts
     D:2: 582 daAuts
     D:6: 60 daAuts
